 Dungeon Crawl Stone Soup version 0.30.0-18-gc0e69614cb (webtiles) character file.

Game seed: 3070372968358058772

16 zazu2006 the Magician (level 2, -1/17 (20) HPs)
             Began as a Gnoll Wanderer on May 23, 2023.
             Slain by a quokka (4 damage)
             ... on level 1 of the Dungeon.
             The game lasted 00:01:16 (210 turns).

zazu2006 the Magician (Gnoll Wanderer)               Turns: 210, Time: 00:01:17

HP:   -1/17 (20)    AC:  6    Str: 11    XL:     2   Next: 58%
MP:   10/10         EV: 10    Int: 12    God:
Gold: 0             SH:  0    Dex: 10    Spells: 14/15 levels left

rFire   . . .        a - +0 club
rCold   . . .        (no shield)
rNeg    . . .        c - +0 ring mail
rPois   .            (no helmet)
rElec   .            (no cloak)
rCorr   .            (no gloves)
SInv    .            (no boots)
Will    .....        (no amulet)
Stlth   +            (no ring)
HPRegen 0.22/turn    (no ring)
MPRegen 0.12/turn

%: no passive effects
@: heavily drained
A: fangs 1, strong nose, distributed training
a: no special abilities


You were on level 1 of the Dungeon.
You visited 1 branch of the dungeon, and saw 1 of its levels.

Inventory:

Hand Weapons
 a - a +0 club (weapon)
Armour
 c - a +0 ring mail (worn)
 d - a +0 ring mail of poison resistance
Potions
 b - a potion of haste


   Skills:
 + Level 0.5 Fighting
 + Level 0.5 Short Blades
 + Level 0.5 Long Blades
 + Level 0.5 Axes
 + Level 0.5 Maces & Flails
 + Level 0.5 Polearms
 + Level 0.5 Staves
 + Level 0.5 Ranged Weapons
 + Level 0.5 Throwing
 + Level 4.5 Armour
 + Level 0.5 Dodging
 + Level 0.5 Stealth
 + Level 0.5 Shields
 + Level 0.5 Unarmed Combat
 + Level 7.1 Spellcasting
 + Level 5.3 Conjurations
 + Level 0.3 Hexes
 + Level 0.3 Summonings
 + Level 0.3 Necromancy
 + Level 2.0 Translocations
 + Level 0.3 Transmutations
 + Level 0.3 Fire Magic
 + Level 0.3 Ice Magic
 + Level 0.3 Air Magic
 + Level 0.3 Earth Magic
 + Level 0.3 Poison Magic
 + Level 2.5 Invocations
 + Level 0.5 Evocations


You had 14 spell levels left.
You knew the following spells:

 Your Spells              Type           Power      Damage    Failure   Level
a - Kiss of Death         Conj/Necr      44%        2d8       11%         1

Your spell library contained the following spells:

 Spells                   Type           Power      Damage    Failure   Level
 Shock                    Conj/Air       44%        1d5       11%         1
 Apportation              Tloc           18%        N/A       16%         1
 Gell's Gravitas          Tloc           9%         N/A       41%         3
 Teleport Other           Tloc           9%         N/A       41%         3
 Flame Wave               Conj/Fire      11%        2d6       73%         4
 Dispersal                Tloc           4%         N/A       100%        6


Dungeon Overview and Level Annotations

Branches:
Dungeon (1/15)

Altars:


Innate Abilities, Weirdness & Mutations

You have very sharp teeth.
Your uncanny sense of smell can sniff out nearby items.
Your experience applies equally to all skills.


Message History

You see here a bat corpse.
The bat hits you.
You hit the bat. Your bite misses the bat.
The bat is severely wounded.
The bat misses you. The bat hits you but does no damage.
You closely miss the bat. Your punch misses the bat.
The bat is severely wounded.
The bat hits you.
You closely miss the bat.
The bat is severely wounded.
The bat hits you but does no damage. The bat barely misses you.
You hit the bat but do no damage.
The bat is moderately wounded.
The bat hits you but does no damage. The bat barely misses you.
You barely miss the bat. You punch the bat.
You kill the bat!
A quokka comes into view.
A quokka is nearby!
The quokka bites you.
You hit the quokka.
The quokka is heavily wounded.
The quokka bites you. x2
You barely miss the quokka.
The quokka is heavily wounded.
The quokka closely misses you.
You miss the quokka.
The quokka is heavily wounded.
The quokka barely misses you. The quokka bites you.
* * * LOW HITPOINT WARNING * * *
You hit the quokka but do no damage.
The quokka is heavily wounded.
The quokka bites you.
* * * LOW HITPOINT WARNING * * *
You completely miss the quokka.
The quokka is heavily wounded.
The quokka bites you.
You die...

#.#####.#####.# ## #.#
#.##..... #.# #.#####.>..#
#... #.......#### ?..#
#####.....###
#..#######......#....#
#...#......#######.#.....
###.#...############.######
.........†).†r@..........
#####.#...############..#
.....#... #.# ...##...##...
.# .... ###. ##.# ### .. .#
###. #


You could see a quokka.

Vanquished Creatures
  2 bats (D:1)
  An endoplasm (D:1)
  A giant cockroach (D:1)
  A goblin (D:1)
  2 hobgoblins (D:1)
  3 jackals (D:1)
  2 frilled lizards (D:1)
  A kobold (D:1)
  2 rats (D:1)
15 creatures vanquished.

Notes
Turn   | Place    | Note
-------+----------+-------------------------------------------
     0 | D:1      | zazu2006 the Gnoll Wanderer began the quest for the Orb.
     0 | D:1      | zazu2006 set off with the following items: a +0 club, a
                  | potion of haste, a +0 ring mail; and the following spells
                  | available to memorise: Kiss of Death, Shock, Apportation,
                  | Teleport Other, Flame Wave.
     0 | D:1      | Reached XP level 1. HP: 13/13 MP: 8/8
     2 | D:1      | Learned a level 1 spell: Kiss of Death
    70 | D:1      | Reached XP level 2. HP: 17/17 MP: 8/10
   210 | D:1      | Slain by a quokka

Illustrated notes

Levels and vault maps discovered:
D:1:      tarquinn_simple_flora_water_f, layout_rooms, minmay_misc_feat_x

Skill      XL: |  1 |
---------------+----+-----
Translocations | 2 |  2.0
Fighting       | |  0.5
Short Blades   | |  0.5
Long Blades    | |  0.5
Axes           | |  0.5
Maces & Flails | |  0.5
Polearms       | |  0.5
Staves         | |  0.5
Ranged Weapons | |  0.5
Throwing       | |  0.5
Armour         | |  4.5
Dodging        | |  0.5
Stealth        | |  0.5
Shields        | |  0.5
Unarmed Combat | |  0.5
Spellcasting   | |  7.1
Conjurations   | |  5.3
Hexes          | |  0.3
Summonings     | |  0.3
Necromancy     | |  0.3
Transmutations | |  0.3
Fire Magic     | |  0.3
Ice Magic      | |  0.3
Air Magic      | |  0.3
Earth Magic    | |  0.3
Poison Magic   | |  0.3
Invocations    | |  2.5
Evocations     | |  0.5

Action                     || total
---------------------------++-------
  Melee: Club              ||    61
         Bite              ||     2
         Punch             ||     1
   Cast: Kiss of Death     ||     3
 Armour: Ring mail         ||    61
  Dodge: Dodged            ||    56
